 Dungeon Crawl Stone Soup version 0.23.2 (webtiles) character file.

Game seed: 8080529125603111717

47772 Borgoz the Slicer (level 14, -8/116 HPs)
             Began as a Ghoul Assassin on Apr 5, 2019.
             Was a High Priest of Ashenzari.
             Mangled by a polar bear (15 damage)
             ... in an ice cave.
             The game lasted 00:54:27 (19861 turns).

Borgoz the Slicer (Ghoul Assassin)                 Turns: 19861, Time: 00:54:28

Health: -8/116     AC: 22    Str: 14    XL:     14   Next: 43%
Magic:  0/20       EV: 20    Int:  6    God:    Ashenzari [*****.]
Gold:   1507       SH:  0    Dex: 18    Spells: 23/23 levels left

rFire    . . .     SeeInvis +   w - +3 rapier of Zaits {protect, rPois Str-2 Dex+4} (curse)
rCold    + . .     Gourm    .   (no shield)
rNeg     + + +     Faith    .   Q - +1 troll leather armour
rPois    ∞         Spirit   +   l - +1 helmet
rElec    .         Reflect  .   d - +1 cloak
rCorr    .         Harm     .   (no gloves)
MR       +....     Clarity  +   q - +2 pair of boots
Stlth    ++++......             j - amulet of guardian spirit (curse)
HPRegen  0.00/turn              (no ring)
MPRegen  0.17/turn              (no ring)

@: protection aura, rotting
A: rotting body, claws 1, carnivore, cold resistance 1, negative energy
resistance 3, inhibited regeneration, torment resistance, unbreathing
a: Curse Item, Scrying, Transfer Knowledge, Renounce Religion


You were in an ice cave.
You worshipped Ashenzari.
Ashenzari was extremely pleased with you.
You were not hungry.

You visited 4 branches of the dungeon, and saw 22 of its levels.
You also visited: Ossuary and Ice Cave.

You collected 1507 gold pieces.

Inventory:

Hand Weapons
 a - a +2 dagger of flaming
 h - a +0 short sword of venom
 i - a +2 dagger of speed
 w - the cursed +3 rapier of Zaits (weapon) {protect, rPois Str-2 Dex+4}
   (You found it on level 9 of the Dungeon)

   It protects the one who uses it against injury (+AC on strike).
   It affects your strength (-2).
   It affects your dexterity (+4).
   It protects you from poison.
   It has a curse placed upon it.
 O - a cursed +2 dagger
Missiles
 m - 10 poisoned needles
 E - 29 tomahawks (quivered)
Armour
 d - a +1 cloak (worn)
 l - a +1 helmet (worn)
 q - a +2 pair of boots (worn)
 L - a +5 plate armour of magic resistance
 Q - a +1 troll leather armour (worn)
Jewellery
 j - a cursed amulet of guardian spirit (around neck)
Wands
 s - a wand of paralysis (2)
 x - a wand of enslavement (13)
Scrolls
 b - 5 scrolls of identify
 e - a scroll of enchant armour
 k - 3 scrolls of fog
 n - 10 scrolls of remove curse
 r - 6 scrolls of teleportation
 z - 3 scrolls of blinking
 G - 3 scrolls of magic mapping
Potions
 o - 5 potions of brilliance
 p - 8 potions of flight
 t - 5 potions of haste
 v - 5 potions of curing
 A - 3 potions of resistance
 C - 2 potions of cancellation
Comestibles
 g - 40 rations


   Skills:
 + Level 8.3 Fighting
 * Level 11.2(14.9) Short Blades
 - Level 5.0 Throwing
 * Level 11.1 Armour
 * Level 11.1 Dodging
 + Level 8.6 Stealth
 - Level 5.0 Spellcasting
 - Level 5.0 Evocations


You had 23 spell levels left.
You didn't know any spells.
Your spell library contained the following spells:

 Spells                   Type           Power        Failure   Level  Hunger
 Sticks to Snakes         Tmut           #.......     47%         2    ###....
 Recall                   Summ/Tloc      N/A          71%         3    ###....
 Animate Dead             Necr           N/A          98%         4    #####..
 Borgnjor's Vile Clutch   Necr/Erth      #.........   100%        5    ######.
 Death Channel            Necr           #.........   100%        6    #######
 Simulacrum               Ice/Necr       #.........   100%        6    #######
 Beastly Appendage        Tmut           Unusable     N/A         1    N/A
 Spider Form              Tmut/Pois      Unusable     N/A         3    N/A
 Ice Form                 Ice/Tmut       Unusable     N/A         4    N/A
 Blade Hands              Tmut           Unusable     N/A         5    N/A

Dungeon Overview and Level Annotations

Branches:
Dungeon (14/15)            Temple (1/1) D:5            Lair (5/6) D:9
  Swamp (0/4) Lair:4       Spider (0/4) Lair:2          Orc (2/2) D:9
  Slime: Lair:5-6       Elf: Orc:2       Vaults: D:13-14

Altars:
Ashenzari
Cheibriados
Dithmenos
Elyvilon
Fedhas
Gozag
Hepliaklqana
Kikubaaqudgha
Makhleb
Nemelex Xobeh
Qazlal
Sif Muna
Trog
Uskayaw
Vehumet
Wu Jian
Xom
Yredelemnul
Zin
The Shining One

Shops:
D:12 ?   D:13 ?   D:14 [


Innate Abilities, Weirdness & Mutations

Your body is rotting away.
You thrive on raw meat.
You are immune to poison.
You have sharp fingernails.
You are carnivorous and can eat meat at any time.
Your flesh is cold resistant. (rC+)
You are immune to negative energy. (rN+++)
You do not regenerate when monsters are visible.
You are immune to unholy pain and torment.
You can survive without breathing.


Message History

The polar bear claws your wolf.
Your wolf dies!
Your wolf's corpse dissolves into shadows!
Your wolf barely misses the yak.
The yak gores you!
* * * LOW HITPOINT WARNING * * *
The yak gores you.
* * * LOW HITPOINT WARNING * * *
Your wolf bites the yak.
Your rime drake completely misses the yak.
The wolf stops to sniff the ground.
Your wolf completely misses the yak.
The yak snorts and paws the ground.
The yak closely misses your rime drake.
Your rime drake bites the yak.
The yak gores your wolf!
There is an ice choked empty arch of ancient stone here.
You hit the polar bear but do no damage.
Your weapon exudes an aura of protection.
The polar bear is almost dead.
The polar bear bites you!
You die...

** *
##### ≈ ≈
##...##
**≈
##..∩..##
*
#.......#
,** *≈≈
#...@...#
, * *≈≈
##.hhk.##
**≈≈
*##hYY##
, * * *
#.hY# , *
* ##...#
* * ,* ≈
#...# ≈
...## *,,
≈ ..## *
* ≈ .##


You could see 2 polar bears, 3 yaks, a wolf, a friendly rime drake and a
friendly wolf.

Vanquished Creatures
  A stone giant (D:9)
  An ogre mage (Orc:2)
  Fannar (Lair:1)
  5 hydras
  A centaur warrior (D:13)
  A catoblepas (D:13)
  10 two-headed ogres
  Urug (Orc:1)
  Sonja (Lair:2)
  Nergalle (D:12)
  2 deep trolls
  A wizard (D:12)
  2 ugly things (D:13)
  An orc knight (Orc:1)
  A manticore (D:11)
  Joseph (D:7)
  4 elephants (Lair:3)
  3 cyclopes
  2 centaur skeletons (D:11)
  5 spiny frogs
  A kobold demonologist (D:12)
  A komodo dragon (Lair:2)
  3 rime drakes
  3 meliai (D:13)
  2 tyrant leeches (Lair:4)
  5 trolls
  3 blink frogs (Lair:3)
  7 hippogriffs
  Prince Ribbit (Lair:3)
  4 dream sheep (Lair:5)
  4 wyverns
  17 yaks
  A wraith (D:11)
  2 hungry ghosts
  4 hogs (D:7)
  A human (D:7)
  The ghost of Nanban the Chopper, an amateur DsMo (D:3)
  A swamp worm (Lair:4)
  A warg (Orc:1)
  5 water moccasins
  4 porcupines
  6 ice beasts
  5 necrophages
  5 sky beasts
  2 phantoms
  An eye of draining (D:13)
  2 black bears
  12 orc warriors
  2 wolves (IceCv)
  2 boggarts (D:13)
  23 ogres
  16 centaurs
  5 crocodiles
  16 bullfrogs
  A wyvern zombie (D:13)
  A gnoll sergeant (D:10)
  2 scorpions
  16 killer bees
  5 wights (D:11)
  2 electric eels (Lair:3)
  7 centaur zombies
  8 crimson imps
  A bullfrog skeleton (D:7)
  A human zombie (Ossuary)
  16 orc priests
  6 hounds
  2 jellies (D:8)
  15 orc wizards
  11 iguanas
  Natasha (thrice) (D:4)
  10 worker ants
  A big kobold zombie (Ossuary)
  3 hound skeletons
  A hound zombie (D:11)
  4 mummies
  A howler monkey zombie (D:11)
  A worker ant zombie (D:8)
  10 gnolls
  A howler monkey skeleton (D:6)
  16 adders
  2 shadow imps
  An ooze (D:3)
  3 adder skeletons
  3 worms
  A dart slug (D:2)
  8 leopard geckos
  59 orcs
  6 ball pythons
  9 bats
  A bat skeleton (D:2)
  2 bat zombies (D:2)
  3 giant cockroaches
  A gnoll zombie (Ossuary)
  12 goblins
  9 hobgoblins
  6 jackals
  5 quokkas
  A ball python skeleton (D:2)
  A ball python zombie (D:2)
  9 frilled lizards
  2 goblin zombies
  10 kobolds
  3 kobold zombies
  A leopard gecko skeleton (D:6)
  2 orc zombies (Ossuary)
  2 quokka skeletons (D:2)
  10 rats
  A bush (D:11)
  A plant (D:11)
532 creatures vanquished.

Vanquished Creatures (others)
  2 boggarts (D:13)
  A crimson imp (D:12)
  A fungus (Lair:1)
  5 plants (D:11)
9 creatures vanquished.

Grand Total: 541 creatures vanquished

Notes
Turn   | Place    | Note
-------+----------+-------------------------------------------
     0 | D:1      | Borgoz the Ghoul Assassin began the quest for the Orb.
     0 | D:1      | Reached XP level 1. HP: 17/17 MP: 0/0
    33 | D:1      | Reached skill level 1 in Dodging
    71 | D:1      | Reached XP level 2. HP: 24/24 MP: 1/1
   422 | D:1      | Reached XP level 3. HP: 16/30 MP: 2/2
   429 | D:1      | Reached skill level 1 in Armour
   923 | D:2      | Reached XP level 4. HP: 31/37 MP: 3/3
  1179 | D:2      | Reached XP level 5. HP: 27/44 MP: 2/4
  1406 | D:2      | Found a deep blue altar of Sif Muna.
  1963 | D:3      | Reached XP level 6. HP: 25/51 MP: 3/5
  2478 | D:3      | Found a runed translucent door.
  2482 | D:3      | Noticed Nanban's ghost (amateur DsMo)
  2679 | D:4      | Noticed Natasha
  2696 | D:4      | Reached skill level 5 in Stealth
  2725 | D:4      | Killed Natasha
  3056 | D:4      | Reached XP level 7. HP: 40/57 MP: 6/6
  3129 | D:4      | Noticed Natasha
  3166 | D:4      | Killed Natasha
  3330 | D:4      | Noticed Natasha
  3346 | D:4      | Killed Natasha
  3447 | D:4      | Found a burning altar of Makhleb.
  3650 | D:5      | Entered Level 5 of the Dungeon
  3890 | D:5      | Got a brightly glowing mace
  3891 | D:5      | Identified the +9 mace "Pucuoh" {elec, rF+++ rC- rN+ Str+3}
                  | (You found it on level 5 of the Dungeon)
  3913 | D:5      | Found a staircase to the Ecumenical Temple.
  3956 | Temple   | Entered the Ecumenical Temple
  4052 | Temple   | Became a worshipper of Ashenzari the Shackled
  4178 | D:5      | Found a sand-covered staircase.
  4186 | D:5      | Reached XP level 8. HP: 62/66 MP: 7/7
  4217 | Ossuary  | Entered an ossuary
  5467 | D:6      | Reached skill level 5 in Short Blades
  5679 | D:6      | Reached XP level 9. HP: 72/72 MP: 8/8
  5829 | D:7      | Reached skill level 5 in Dodging
  5832 | D:7      | Reached skill level 5 in Armour
  5871 | D:7      | Noticed Joseph
  5885 | D:7      | Killed Joseph
  5885 | D:7      | Reached skill level 5 in Fighting
  6283 | D:7      | Reached XP level 10. HP: 36/81 MP: 5/9
  6474 | D:7      | Reached * piety under Ashenzari
  6961 | D:8      | Reached skill level 5 in Throwing
  7520 | D:9      | Found a staircase to the Lair.
  7658 | D:8      | Reached skill level 1 in Evocations
  7789 | D:8      | Reached skill level 1 in Spellcasting
  8526 | D:3      | Killed Nanban's ghost
  8652 | D:9      | Noticed a two-headed ogre
  8658 | D:9      | Killed a two-headed ogre
  8658 | D:9      | Reached XP level 11. HP: 43/85 MP: 6/12
  9142 | D:9      | Found a staircase to the Orcish Mines.
  9252 | D:9      | Got the cursed rapier of Zaits {protect, rPois Str-2 Dex+4}
  9253 | D:9      | Identified the cursed +3 rapier of Zaits {protect, rPois
                  | Str-2 Dex+4} (You found it on level 9 of the Dungeon)
  9463 | D:10     | Entered Level 10 of the Dungeon
  9478 | D:10     | Found a basalt altar of Yredelemnul.
 10035 | D:10     | Noticed a two-headed ogre
 10047 | D:10     | Killed a two-headed ogre
 10048 | D:10     | Reached ** piety under Ashenzari
 10413 | D:11     | Noticed a manticore
 10435 | D:11     | Killed a manticore
 10525 | D:11     | Found a blossoming altar of Fedhas.
 10827 | D:11     | Noticed a seven-headed hydra
 10837 | D:11     | Killed a seven-headed hydra
 10941 | D:11     | Reached XP level 12. HP: 91/95 MP: 13/15
 11457 | D:12     | Noticed Nergalle
 11461 | D:12     | Killed Nergalle
 11660 | D:12     | Paralysed by a wizard for 5 turns
 11750 | D:12     | Found Tuew's Magic Scroll Emporium.
 12156 | D:12     | Noticed a two-headed ogre
 12163 | D:12     | Killed a two-headed ogre
 12316 | D:13     | Noticed a two-headed ogre
 12328 | D:13     | Killed a two-headed ogre
 12398 | D:13     | Noticed a catoblepas
 12456 | D:13     | Killed a catoblepas
 12759 | D:13     | Noticed a two-headed ogre
 12913 | D:13     | Noticed a centaur warrior
 12935 | D:13     | Killed a centaur warrior
 13047 | D:13     | Reached XP level 13. HP: 67/104 MP: 5/18
 13197 | D:13     | Reached *** piety under Ashenzari
 13231 | D:13     | Found Yjy Wyts's Magic Scroll Shoppe.
 13610 | D:14     | Found Raotsin's Armour Boutique.
 13744 | Lair:1   | Entered Level 1 of the Lair of Beasts
 13852 | Lair:1   | Reached skill level 10 in Short Blades
 14119 | Lair:1   | Noticed Fannar
 14166 | Lair:1   | Killed Fannar
 14166 | Lair:1   | Reached skill level 10 in Dodging
 14309 | Lair:1   | Reached skill level 10 in Armour
 14820 | Lair:2   | Found a hole to the Spider Nest.
 14865 | Lair:2   | Reached skill level 5 in Evocations
 15120 | Lair:2   | Noticed Sonja
 15128 | Lair:2   | Killed Sonja
 15161 | Lair:2   | Reached **** piety under Ashenzari
 15387 | Lair:3   | Noticed Prince Ribbit
 15619 | Lair:3   | Killed Prince Ribbit
 16307 | Orc:1    | Entered Level 1 of the Orcish Mines
 16597 | Orc:1    | Noticed Urug
 16635 | Orc:1    | Killed Urug
 16845 | Orc:2    | Entered Level 2 of the Orcish Mines
 17523 | Orc:2    | Noticed an ogre mage
 17536 | Orc:2    | Killed an ogre mage
 17536 | Orc:2    | Reached skill level 5 in Spellcasting
 17545 | Orc:2    | Reached XP level 14. HP: 72/114 MP: 11/20
 17556 | Orc:2    | Noticed a stone giant
 18361 | D:9      | Killed a stone giant
 18917 | Lair:4   | Identified the ring "Wuinan" {*Tele Int+2}
 19401 | Lair:4   | Found a staircase to the Swamp.
 19465 | Lair:4   | Reached ***** piety under Ashenzari
 19739 | Lair:5   | Found a frozen archway.
 19802 | IceCv    | Entered an ice cave
 19861 | IceCv    | Mangled by a polar bear

Skill      XL: |  1  2  3  4  5  6  7  8  9 10 11 12 13 14 |
---------------+-------------------------------------------+-----
Dodging        | 1 2 3 4 6 7 8 9 10 11 | 11.1
Short Blades   | 2 3 4 5 6 7 8 9 10 11 | 11.2
Throwing       | 2 3 4 5 |  5.0
Armour         | 1 2 3 4 6 7 8 9 10 11 | 11.1
Fighting       | 3 4 5 6 7 8 |  8.3
Stealth        | 5 6 8 |  8.6
Evocations     | 2 3 4 5 |  5.0
Spellcasting   | 1 3 4 5 |  5.0

Action                   |  1- 3 |  4- 6 |  7- 9 | 10-12 | 13-15 || total
-------------------------+-------+-------+-------+-------+-------++-------
Melee: Dagger            |   134 |   413 |   150 |    76 |       ||   773
       Mace              |       |       |   170 |   198 |       ||   368
       Rapier            |       |       |       |   984 |  1137 ||  2121
 Fire: Blowgun           |       |       |     3 |       |       ||     3
Throw: Throwing net      |       |     4 |       |     2 |       ||     6
Invok: Curse Item        |       |       |       |     1 |       ||     1
Evoke: Wand              |       |       |     3 |     3 |    17 ||    23
  Use: Potion            |     2 |     3 |     2 |     7 |     9 ||    23
       Scroll            |     2 |     6 |     7 |     8 |    10 ||    33
 Stab: Sleeping          |     8 |     7 |    13 |    17 |     5 ||    50
       Held in net/web   |       |     2 |       |     1 |       ||     3
       Invisible         |       |     1 |       |       |     2 ||     3
       Distracted        |       |       |       |     1 |       ||     1
       Confused          |       |       |       |       |    13 ||    13
       Paralysed         |       |       |       |       |     5 ||     5
  Eat: Chunk             |    15 |    23 |    22 |    49 |    34 ||   143
Armor: Robe              |    15 |       |       |       |       ||    15
       Ring mail         |    49 |   150 |   133 |   253 |       ||   585
       Troll leather arm |       |       |       |   131 |   162 ||   293
       Plate armour      |       |       |       |       |   163 ||   163
Dodge: Dodged            |   140 |   263 |   190 |   752 |   643 ||  1988
